 Dungeon Crawl Stone Soup version 0.26.1-2-gb8aa6d0cf2 (webtiles) character file.

Game seed: 11007303972537042770

116 Dagix the Poker (level 4, -2/60 HPs)
             Began as a Draconian Berserker on Feb 10, 2021.
             Was a Believer of Trog.
             Slain by a howler monkey (4 damage)
             ... on level 5 of the Dungeon.
             The game lasted 00:13:16 (1036 turns).

Dagix the Poker (Draconian Berserker)               Turns: 1036, Time: 00:13:17

Health: -2/60      AC:  6    Str: 20    XL:     4   Next: 69%
Magic:  4/4        EV: 13    Int:  8    God:    Trog [**....]
Gold:   48         SH:  0    Dex: 10    Spells: 3/3 levels left

rFire    . . .     SeeInvis .   a - +0 spear
rCold    . . .     Faith    .   (no shield)
rNeg     . . .     Spirit   .   (armour unavailable)
rPois    .         Reflect  .   (helmet restricted)
rElec    .         Harm     .   k - +0 cloak
rCorr    .         Rampage  .   (no gloves)
Will     ++...                  (no boots)
Stlth    ..........             (no amulet)
HPRegen  1.20/turn              (no ring)
MPRegen  0.09/turn              (no ring)

@: berserking, regenerating, very quick
A: unfitting armour, cold-blooded, AC +5
a: Renounce Religion, Berserk, Trog's Hand


You were on level 5 of the Dungeon.
You worshipped Trog.
Trog was pleased with you.
You visited 1 branch of the dungeon, and saw 4 of its levels.

You collected 48 gold pieces.

Inventory:

Hand Weapons
 a - a +0 spear (weapon)
 b - a +0 club
 c - a cursed -3 dagger
 f - a +0 club
 g - a +0 short sword
Missiles
 d - a stone
Armour
 k - a +0 cloak (worn)
Scrolls
 j - a scroll of blinking {unknown}
 l - a scroll of fog {unknown}
Potions
 e - 3 potions of cancellation {unknown}
 h - a potion of curing {unknown}
 i - a potion of flight {unknown}


   Skills:
 + Level 4.0 Fighting
 + Level 4.1 Polearms
 + Level 3.8 Dodging


You had 3 spell levels left.
You didn't know any spells.
Your spell library was empty.

Dungeon Overview and Level Annotations

Branches:
Dungeon (5/15)
 Temple: D:4-7

Altars:
Fedhas
Gozag
Wu Jian
Xom
Yredelemnul


Innate Abilities, Weirdness & Mutations

Your plain brown scales are hard. (AC +5)
You cannot fit into any form of body armour.
You are cold-blooded and may be slowed by cold attacks.


Message History

You puncture the howler monkey!
The howler monkey is moderately wounded.
The howler monkey hits you but does no damage.
The white imp barely misses you.
You completely miss the orc.
An orc comes into view. It is wielding a +0 hand axe.
The orc wizard casts a spell.
The orc wizard blinks!
The howler monkey hits you.
* * * LOW HITPOINT WARNING * * *
You puncture the orc!
You kill the orc!
Trog accepts your kill. The white imp closely misses you.
You hit the howler monkey.
The howler monkey is severely wounded.
The howler monkey hits you.
* * * LOW HITPOINT WARNING * * *
The orc throws a stone.
The stone misses you. The howler monkey hits you.
You die...

#.# #.##### ##.....
###....## ....#o..#
##########.ยง..##
#............).#####.#
#<(...@..o.o.o..
#.###.#h5#####.. #.#
#.#.Z# #.# #.#..# #.#
#.#..#####. #..
#........o. ###
##...###### #.........
#..:######


You could see a howler monkey, an orc wizard (fast), a white imp, 3 orcs and a
leopard gecko zombie.

Vanquished Creatures
  A howler monkey (D:5)
  A worker ant (D:2)
  2 adders (D:2)
  An ooze (D:2)
  A worm (D:2)
  A dart slug (D:1)
  An orc (D:5)
  A ball python (D:2)
  A giant cockroach (D:2)
  4 goblins
  4 hobgoblins
  5 kobolds
  5 bats
  2 frilled lizards
30 creatures vanquished.

Notes
Turn   | Place    | Note
-------+----------+-------------------------------------------
     0 | D:1      | Dagix the Draconian Berserker began the quest for the Orb.
     0 | D:1      | Reached XP level 1. HP: 19/19 MP: 1/1
   437 | D:1      | Reached XP level 2. HP: 26/26 MP: 2/2
   583 | D:2      | Reached XP level 3. HP: 33/33 MP: 3/3
   723 | D:2      | Found a blossoming altar of Fedhas.
   724 | D:2      | Found a shimmering altar of Xom.
   727 | D:2      | Found an opulent altar of Gozag.
   737 | D:2      | Found an ornate altar of the Wu Jian Council.
   738 | D:2      | Found a basalt altar of Yredelemnul.
   839 | D:2      | Reached ** piety under Trog
   945 | D:2      | Found a faded altar of an unknown god.
   953 | D:2      | Reached XP level 4. HP: 40/40 MP: 4/4
   988 | D:2      | You fall into a shaft and drop 2 floors!
   994 | D:5      | Entered Level 5 of the Dungeon
  1035 | D:5      | HP: 1/60 [howler monkey (6)]
  1036 | D:5      | Slain by a howler monkey

Illustrated notes

Levels and vault maps discovered:
D:1:      tarquinn_simple_flora_water_f, layout_loops_ring
D:2:      layout_basic, grunt_temple_overflow_open,
          chequers_ecumenical_altar_simple
D:4:      layout_loops_ring, minmay_temple_entry_purple_smoke, serial_shops,
          kennysheep_mini, gammafunk_ghost_split
D:5:      layout_loops_ring, nicolae_ossuary_entry_false_entrances, minivault_5,
          chequers_serial_rivers_room_a

Skill      XL: |  1  2  3  4 |
---------------+-------------+-----
Dodging        | 3 |  3.8
Fighting       | 4 |  4.0
Polearms       | 4 |  4.1

Action                   |  1- 3 |  4- 6 || total
-------------------------+-------+-------++-------
Melee: Spear             |    92 |    18 ||   110
       Tailslap          |     9 |     1 ||    10
Invok: Berserk           |     4 |     1 ||     5
       Trog's Hand       |       |     1 ||     1
Armor: Skin              |    53 |     4 ||    57
Dodge: Dodged            |   139 |    14 ||   153
